 Dungeon Crawl Stone Soup version 0.27.1-33-g824d729ab1 (webtiles) character file.

Game seed: 8740712414151536900

98 lordive the Magician (level 4, -1/27 HPs)
             Began as an Octopode Hedge Wizard on Dec 26, 2021.
             Slain by Sigmund (9 damage)
             ... on level 4 of the Dungeon.
             The game lasted 00:08:27 (4395 turns).

lordive the Magician (Octopode Hedge Wizard)        Turns: 4395, Time: 00:08:28

Health: -1/27      AC:  1    Str:  9    XL:     4   Next: 69%
Magic:  3/10       EV: 13    Int: 17    God:
Gold:   177        SH:  0    Dex: 11    Spells: 5/11 levels left

rFire    . . .     SeeInvis .   a - +0 dagger
rCold    . . .     Faith    .   (no shield)
rNeg     . . .     Spirit   .   b - +0 hat
rPois    .         Reflect  .   (no amulet)
rElec    .         Harm     .   (no ring)
rCorr    .         Rampage  .   (no ring)
Will     .....                  (no ring)
Stlth    +++.......             (no ring)
HPRegen  0.09/turn              (no ring)
MPRegen  0.12/turn              (no ring)
                                (no ring)
                                (no ring)

@: no status effects
A: almost no armour, amphibious, 8 rings, camouflage 1, gelatinous body 1,
(nimble swimmer 1), tentacles
a: no special abilities


You were on level 4 of the Dungeon.
You visited 1 branch of the dungeon, and saw 4 of its levels.

You collected 177 gold pieces.

Inventory:

Hand Weapons
 a - a +0 dagger (weapon)
Armour
 b - a +0 hat (worn)
Magical Staves
 m - a staff of fire
Scrolls
 d - 3 scrolls of identify {unknown}
 e - a scroll of amnesia {unknown}
 g - a scroll of fear {unknown}
 h - a scroll of brand weapon {unknown}
 i - a scroll of noise {unknown}
 j - 2 scrolls of magic mapping {unknown}
 k - a scroll of blinking {unknown}
 l - a scroll of fog {unknown}
Potions
 c - a potion of curing {unknown}
 f - a potion of haste {unknown}


   Skills:
 + Level 2.1 Dodging
 + Level 3.1 Stealth
 + Level 4.1 Spellcasting
 + Level 1.5 Conjurations
 + Level 2.2 Summonings
 + Level 1.0 Translocations


You had 5 spell levels left.
You knew the following spells:

 Your Spells              Type           Power      Damage    Failure   Level
a - Magic Dart            Conj           32%        1d4       9%          1
b - Corona                Hex            3%         N/A       16%         1
c - Blink                 Tloc           N/A        N/A       16%         2
d - Call Imp              Summ           11%        N/A       10%         2

Your spell library contained the following spells:

 Spells                   Type           Power      Damage    Failure   Level
 Summon Small Mammal      Summ           44%        N/A       6%          1
 Apportation              Tloc           12%        N/A       11%         1
 Animate Skeleton         Necr           6%         N/A       16%         1
 Static Discharge         Conj/Air       6%         N/A       17%         2
 Slow                     Hex            3%         N/A       24%         2
 Conjure Flame            Conj/Fire      6%         6-21      34%         3
 Mephitic Cloud           Conj/Pois/Air  5%         N/A       36%         3
 Lightning Bolt           Conj/Air       3%         1d14      97%         5
 Maxwell's Capacitive Co  Air            1%         ∞         100%        8


Dungeon Overview and Level Annotations

Branches:
Dungeon (4/15)
 Temple: D:4-7

Altars:
Trog

Annotations:
D:4 Sigmund


Innate Abilities, Weirdness & Mutations

You cannot wear most types of armour.
You are amphibious.
You can wear up to eight rings at the same time.
Your skin changes colour to match your surroundings (Stealth+).
Your rubbery body absorbs attacks. (AC +1, EV +1)
((You are camouflaged near water. (Stealth+)))
You have tentacles for arms and can constrict up to eight enemies at once.


Message History

There is an open door here.
There's a creature in the doorway!
Sigmund breathes a few words.
Sigmund's hands start flickering wildly.
Sigmund barely misses your crimson imp.
Your crimson imp hits Sigmund but does no damage.
Your crimson imp hits Sigmund but does no damage.
Sigmund misses your crimson imp.
Your crimson imp hits Sigmund.
There is a bloodstained altar of Trog here.
Something hits your crimson imp but does no damage.
Casting: Call Imp (safe; 10% risk of failure)
Confirm with . or Enter, or press ? or * to list all spells.
A beastly little devil appears in a puff of frigid air.
You swap places.
There is an open door here.
You close the door.
Sigmund looks at you with fury.
Your crimson imp disappears in a puff of smoke!
Casting: Call Imp (safe; 10% risk of failure)
Confirm with . or Enter, or press ? or * to list all spells.
A beastly little devil appears in a puff of flame.
The adder skeleton barely misses you.
Your crimson imp hits the adder skeleton.
The adder skeleton bites you. The adder skeleton bites you.
* * * LOW HITPOINT WARNING * * *
Your crimson imp barely misses the adder skeleton.
The adder skeleton barely misses you.
Your crimson imp blinks!
Sigmund casts a spell at you. The puff of flame misses you.
Your crimson imp blinks!
Sigmund gestures wildly while chanting.
Sigmund flickers and vanishes!
The adder skeleton bites you.
* * * LOW HITPOINT WARNING * * *
The adder skeleton barely misses you. Something hits you!
You die...

##............# #.#
#............# #.#
#........##.####.#
###..............# #.
#.........###### .....#.# #.
#.........# ....... #.
#......#### ...... ..
#.######.....# .....##..#
#....@.......# ..........
#..Z.........# .........#
#............# .........#
#.5..........#
#........###.......########
#......#..................#
#.†.....##................##
#.......##.................#
#.......##.................#


You could see an adder skeleton and a friendly crimson imp (summoned).

Vanquished Creatures
  An orc (D:4)
  A bat (D:1)
  An endoplasm (D:1)
  4 goblins
  A hobgoblin (D:1)
  2 jackals (D:1)
  3 ball pythons (D:1)
  A frilled lizard (D:2)
  A kobold (D:1)
  2 rats (D:1)
17 creatures vanquished.

Vanquished Creatures (collateral kills)
  A phantom (D:3)
  A lemure (D:3)
  An iguana (D:4)
  2 adders
  2 worms (D:4)
  A dart slug (D:4)
  6 endoplasms
  2 hobgoblins (D:3)
  A kobold (D:4)
  2 quokkas (D:3)
  2 bats
  A rat (D:3)
22 creatures vanquished.

Vanquished Creatures (others)
  10 plants (D:1)
10 creatures vanquished.

Grand Total: 49 creatures vanquished

Notes
Turn   | Place    | Note
-------+----------+-------------------------------------------
     0 | D:1      | lordive the Octopode Hedge Wizard began the quest for the
                  | Orb.
     0 | D:1      | Reached XP level 1. HP: 11/11 MP: 4/4
   432 | D:1      | Reached XP level 2. HP: 13/17 MP: 0/6
   946 | D:1      | Found a faded altar of an unknown god.
  1135 | D:2      | Learned a level 1 spell: Corona
  1138 | D:2      | Learned a level 2 spell: Blink
  1141 | D:2      | Learned a level 2 spell: Call Imp
  2059 | D:3      | Reached XP level 3. HP: 6/21 MP: 4/8
  2928 | D:4      | Noticed a phantom
  3173 | D:3      | Killed a phantom
  3174 | D:3      | Reached XP level 4. HP: 12/27 MP: 0/9
  3396 | D:4      | Reached skill level 4 in Spellcasting
  3474 | D:4      | Noticed a lemure
  3502 | D:4      | Noticed a lemure
  3546 | D:3      | Killed a lemure
  4177 | D:4      | Found a bloodstained altar of Trog.
  4299 | D:4      | Noticed Sigmund
  4395 | D:4      | Slain by Sigmund

Illustrated notes

Levels and vault maps discovered:
D:1:      dpeg_arrival_erosion, layout_loops_ring,
          dilly_ecumenical_altar_fadedgnrine
D:2:      layout_basic
D:3:      layout_basic
D:4:      layout_basic, nicolae_overflow_hidden_temple,
          mainiacjoe_overflow_surrounded_room, uniq_pikel, uniq_sigmund

Skill      XL: |  1  2  3  4 |
---------------+-------------+-----
Stealth        | 3 |  3.1
Summonings     | 2 |  2.2
Spellcasting   | 4 |  4.1
Dodging        | |  2.1
Conjurations   | |  1.5
Translocations | |  1.0

Action                   |  1- 3 |  4- 6 || total
-------------------------+-------+-------++-------
Melee: Dagger            |    12 |       ||    12
       Tentacles         |     4 |       ||     4
       Constrict         |     3 |       ||     3
 Cast: Magic Dart        |    31 |     8 ||    39
       Call Imp          |    28 |    31 ||    59
       Corona            |       |     2 ||     2
Armor: Skin              |     9 |       ||     9
Dodge: Dodged            |    34 |    14 ||    48
